 Dungeon Crawl Stone Soup version 0.23.0 (webtiles) character file.

Game seed: 10152557716704765835

406 Kairos the Chopper (level 6, -2/32 HPs)
             Began as a Vine Stalker Fighter on Feb 15, 2019.
             Slain by Sigmund
             ... wielding a +0 scythe
              (9 damage)
             ... on level 4 of the Dungeon.
             The game lasted 00:05:43 (2432 turns).

Kairos the Chopper (Vine Stalker Fighter)           Turns: 2432, Time: 00:05:44

Health: -2/32      AC: 11    Str: 26    XL:     6   Next: 87%
Magic:  0/7        EV:  6    Int:  8    God:
Gold:   163        SH:  0    Dex: 13    Spells: 5/5 levels left

rFire    + . .     SeeInvis .   a - +2 war axe
rCold    . . .     Gourm    .   c - +0 shield
rNeg     . . .     Faith    .   l - +0 chain mail
rPois    .         Spirit   +   (no helmet)
rElec    .         Reflect  .   (no cloak)
rCorr    .         Harm     .   (no gloves)
MR       .....                  (no boots)
Stlth    ..........             (no amulet)
HPRegen  0.50/turn              g - ring of wizardry
MPRegen  0.10/turn              (no ring)

@: confused, mighty
A: fangs 2, slimy green scales 1, camouflage 1, fire resistance 1, regeneration
1, magic shield, antimagic bite, no potion heal 3, rot immunity
a: no special abilities


You were on level 4 of the Dungeon.
You were very hungry.

You visited 1 branch of the dungeon, and saw 4 of its levels.
You also visited: Sewer.

You collected 163 gold pieces.

Inventory:

Hand Weapons
 a - a +2 war axe (weapon)
 s - a +0 morningstar
Armour
 b - a +0 scale mail
 c - a +0 shield (worn)
 l - a +0 chain mail (worn)
Jewellery
 g - a ring of wizardry (left hand)
Scrolls
 n - 2 scrolls of teleportation
 p - a scroll of remove curse {unknown}
 q - a scroll of noise {unknown}
 r - a scroll of identify
 t - a scroll of fear {unknown}
Potions
 e - a potion of curing
 h - 2 potions of invisibility {unknown}
 i - a potion of cancellation
 j - 3 potions of agility
 k - 4 potions of flight
 m - 3 potions of heal wounds {unknown}
 o - 3 potions of degeneration {unknown}
Comestibles
 f - 10 rations


   Skills:
 + Level 3.4 Fighting
 + Level 4.8 Axes
 + Level 3.0 Armour
 + Level 1.3 Dodging
 + Level 0.2 Stealth
 + Level 3.7 Shields


You had 5 spell levels left.
You didn't know any spells.
Your spell library was empty.

Dungeon Overview and Level Annotations

Branches:
Dungeon (4/15)
 Temple: D:4-7

Altars:
Ashenzari

Annotations:
D:4 Sigmund


Innate Abilities, Weirdness & Mutations

You have extremely sharp teeth.
Your natural rate of healing is unusually fast.
When hurt, damage is shared between your health and your magic reserves.
Your bite disrupts and absorbs the magic of your enemies.
Potions cannot restore your health.
You are immune to rotting.
You are partially covered in slimy green scales. (AC +2)
Your skin changes colour to match your surroundings (Stealth+).
Your flesh is heat resistant. (rF+)


Message History

The orc hits you with a +0 hand axe.
* * * LOW HITPOINT WARNING * * *
You hear some strange, mumbled words.
You are confused.
Unknown command.
You slash the orc!
You kill the orc!
You slash something!
Reactivating autopickup.
Your Dodging skill increases to level 1!
You feel a bit more experienced. The orc hits you but does no damage.
Unknown command.
You bump into the rock wall.
Something hits you.
* * * LOW HITPOINT WARNING * * *
Deactivating autopickup; reactivate with Ctrl-A.
The orc completely misses you.
You slash the orc!
You kill the orc!
Something hits you!
You die...

........###...#
#######.# #(.##
#.###...#
#.....#.#
####..####.#
####.....# .#
#....#..##
#?.#))..## #?
#@#### #l# {.#
.### .. .. ...
...


You could see an iguana.

Vanquished Creatures
  3 orc priests (D:4)
  3 orc wizards (D:4)
  3 adders
  3 river rats (D:3)
  6 oozes
  6 worms
  A dart slug (D:3)
  A leopard gecko (D:1)
  18 orcs
  14 giant cockroaches
  9 goblins
  7 hobgoblins
  8 jackals
  10 kobolds
  3 ball pythons
  14 bats
  8 frilled lizards
  15 rats
132 creatures vanquished.

Notes
Turn   | Place    | Note
-------+----------+-------------------------------------------
     0 | D:1      | Kairos the Vine Stalker Fighter began the quest for the
                  | Orb.
     0 | D:1      | Reached XP level 1. HP: 11/11 MP: 2/2
    73 | D:1      | Reached XP level 2. HP: 16/16 MP: 3/3
   212 | D:1      | Reached skill level 2 in Axes
   335 | D:1      | Reached XP level 3. HP: 16/19 MP: 2/4
   490 | D:1      | You fall through a shaft!
   638 | D:2      | Gained mutation: Your natural rate of healing is unusually
                  | fast. [Vine Stalker growth]
   638 | D:2      | Reached XP level 4. HP: 15/23 MP: 5/5
   796 | D:2      | Reached skill level 3 in Axes
  1299 | D:2      | Found a shattered altar of Ashenzari.
  1311 | D:2      | Gained mutation: You are partially covered in slimy green
                  | scales. (AC +2) [potion of mutation]
  1311 | D:2      | Gained mutation: Your flesh is heat resistant. (rF+)
                  | [potion of mutation]
  1311 | D:2      | Gained mutation: Your skin changes colour to match your
                  | surroundings (Stealth+). [potion of mutation]
  1392 | D:3      | Found a glowing drain.
  1400 | D:3      | Reached XP level 5. HP: 28/28 MP: 6/6
  1467 | Sewer    | Entered a sewer
  2212 | D:3      | Found a faded altar of an unknown god.
  2335 | D:3      | Reached skill level 4 in Axes
  2368 | D:4      | Reached XP level 6. HP: 32/32 MP: 7/7
  2413 | D:4      | Noticed Sigmund
  2430 | D:4      | Reached skill level 1 in Dodging
  2432 | D:4      | Slain by Sigmund

Skill      XL: |  1  2  3  4  5  6 |
---------------+-------------------+-----
Axes           | 2 3 4 |  4.8
Shields        | 3 |  3.7
Fighting       | 3 |  3.4
Armour         | 3 |  3.0
Dodging        | 1 |  1.3
Stealth        | |  0.2

Action                   |  1- 3 |  4- 6 || total
-------------------------+-------+-------++-------
Melee: War axe           |   116 |   173 ||   289
       Bite              |    24 |    44 ||    68
  Use: Scroll            |       |    10 ||    10
       Potion            |       |     4 ||     4
  Eat: Chunk             |       |     5 ||     5
Armor: Scale mail        |    35 |       ||    35
       Chain mail        |    41 |   167 ||   208
Dodge: Dodged            |    32 |    62 ||    94
Block: Shield            |    58 |   134 ||   192
